cohdb
Replays
Latest Replays
All Replays
Popular Replays
Top Player Replays
Match Explorer
How It Works
Community
CoH3 Stats
Reddit
Sign in to upload your games and track your stats! →
Sign in with Steam
Match 42760186
Unlisted
Match 42760186
Overview
Messages
Build Orders
End
Construct Barracks
Selects Advanced Infantry Battlegroup
Riflemen Squad
M1 Mortar Team
Riflemen Squad
M1 Mortar Team
Selects Artillery Observers
Riflemen Squad
thanataur
💀Punisher💀
VWVWVVVWWVWVWW
ETO420
kerem
ShadowStorm
Zambarau
Kevege
0
0
Comments
sign in to comment!
No comments posted yet!